 Dungeon Crawl Stone Soup version 0.28-a0-1524-ge72afd5fc6 (webtiles) character file.

Game seed: 5155895204336439618

9 psuckher the Sneak (level 2, -6/25 HPs)
             Began as a Barachi Delver on Jan 17, 2022.
             Was an Initiate of the Shining One.
             Splashed by a jelly's acid (7 damage)
             ... on level 5 of the Dungeon.
             The game lasted 00:04:58 (522 turns).

psuckher the Sneak (Barachi Delver)                  Turns: 522, Time: 00:05:00

Health: -6/25      AC: -1    Str: 13    XL:     2   Next: 12%
Magic:  2/2        EV: 12    Int: 10    God:    the Shining One [......]
Gold:   0          SH:  0    Dex: 13    Spells: 1/1 levels left

rFire   . . .      SeeInvis .   a - +0 short sword
rCold   . . .      Faith    .   (no shield)
rNeg    . . .      Spirit   .   b - +0 leather armour
rPois   .          Reflect  .   (no helmet)
rElec   .          Harm     .   (no cloak)
rCorr   .          Rampage  .   (no gloves)
Will    .....                   (no boots)
Stlth   +.........              (no amulet)
HPRegen 0.08/turn               (no ring)
MPRegen 0.08/turn               (no ring)

@: corroded, glowing, slow
A: amphibious, slowness 1, strong legs 1, +LOS
a: Hop, Renounce Religion


You were on level 5 of the Dungeon.
You worshipped the Shining One.
The Shining One was noncommittal.
You visited 2 branches of the dungeon, and saw 4 of its levels.

Inventory:

Hand Weapons
 a - a +0 short sword (weapon)
Armour
 b - a +0 leather armour (worn)
Wands
 g - a wand of digging (3)
Scrolls
 c - a scroll of fog
Potions
 f - a potion of haste
 h - a potion of flight {unknown}


   Skills:
 + Level 3.7 Fighting
 + Level 2.2 Short Blades
 + Level 2.2 Dodging
 + Level 4.8 Stealth


You had one spell level left.
You didn't know any spells.
Your spell library was empty.

Dungeon Overview and Level Annotations

Branches:
Dungeon (6/15)             Temple (1/1) D:4

Altars:
Ashenzari
Cheibriados
Dithmenos
Elyvilon
Fedhas
Gozag
Kikubaaqudgha
Makhleb
Nemelex Xobeh
Qazlal
Ru
Sif Muna
Trog
Uskayaw
Wu Jian
Xom
Yredelemnul
Zin
The Shining One

Annotations:
D:4 Natasha


Innate Abilities, Weirdness & Mutations

You are amphibious.
You cover ground slowly.
You can hop short distances.
You have an extended range of vision and can be seen from far away.


Message History

The iguana barely misses you.
You closely miss the iguana.
The iguana is lightly wounded.
The iguana misses you.
As you read the scroll of fear, it crumbles to dust.
You assume a fearsome visage.
Natasha looks frightened!
The giant cockroach looks frightened!
The iguana looks frightened!
The white imp looks frightened!
A jelly comes into view.
The jelly quivers.
A kobold comes into view. It is wielding a +0 short sword.
The jelly closely misses you. The jelly misses you.
The kobold shouts!
The kobold throws a stone.
The stone barely misses you. The jelly closely misses you.
There is a stone staircase leading down here.
The jelly closely misses you.
You climb downwards.
Found 19 gold pieces.
There is a stone staircase leading up here.
You hit the jelly.
Your hands burn!
The jelly is moderately wounded.
The jelly hits you but does no damage.
You hit the jelly.
Your hands burn!
The jelly is moderately wounded.
The jelly barely misses you.
You hit the jelly.
Your hands burn!
The jelly is severely wounded.
The jelly completely misses you.
You hit the jelly.
Your hands burn!
The jelly is severely wounded.
The jelly hits you. The acid corrodes you!
You are splashed with acid.
* * * LOW HITPOINT WARNING * * *
You hit the jelly.
Your hands burn!
The Shining One protects you from harm!
The jelly is almost dead.
The jelly hits you.
* * * LOW HITPOINT WARNING * * *
You are splashed with acid!
You die...

### ..$ #.#
#.###J#
#..@#
####.......#
.###.#.# .#
.# .# .# .#
..


You could see a jelly.

Vanquished Creatures
  An adder (D:4)
1 creature vanquished.

Notes
Turn   | Place    | Note
-------+----------+-------------------------------------------
     0 | D:5      | psuckher the Barachi Delver began the quest for the Orb.
     0 | D:5      | Reached XP level 1. HP: 18/18 MP: 1/1
    79 | D:4      | Reached XP level 2. HP: 11/25 MP: 2/2
   152 | D:4      | Found a staircase to the Ecumenical Temple.
   160 | D:4      | Noticed Natasha
   162 | Temple   | Entered the Ecumenical Temple
   439 | Temple   | Became a worshipper of the Shining One
   522 | D:5      | The Shining One protects you from harm!
   522 | D:5      | HP: 1/25 [jelly (1)]
   522 | D:5      | Splashed by a jelly's acid

Illustrated notes

Levels and vault maps discovered:
D:4:      layout_cave_pools, minmay_temple_entry_purple_smoke, uniq_natasha
D:5:      layout_loops_corners, mainiacjoe_overflow_alcove_4,
          roderic_malta_cross, uniq_crazy_yiuf_cottage
D:6:      layout_basic, nicolae_specific_store
Temple:   mainiacjoe_temple_bowtie_tessellation

Action                   || total
-------------------------++-------
Melee: Short sword       ||    20
  Use: Scroll            ||     2
Armor: Leather armour    ||     4
Dodge: Dodged            ||    20

Table legend: (Time is in decaauts)
 A = Elapsed time spent in this place.
 B = Non-inter-level travel time spent in this place.
 C = Inter-level travel time spent in this place.
 D = Time resting spent in this place.
 E = Time spent auto-exploring this place.
 F = Levels seen in this place.
 G = Mean time per level.
                   A        B        C        D        E       F      G
               +--------+--------+--------+--------+--------+-----+--------+
         Total |    614 |    274 |    340 |      0 |      0 |   4 |  153.5 |
       Dungeon |    212 |    212 |      0 |      0 |      0 |   3 |   70.7 |
        Temple |    401 |     61 |    340 |      0 |      0 |   1 |  401.0 |
               +--------+--------+--------+--------+--------+-----+--------+

Top non-repeatable levels by time:
  Temple: 401 daAuts
     D:4: 136 daAuts
     D:6: 44 daAuts
     D:5: 31 daAuts
